 Dungeon Crawl Stone Soup version 0.22-a0-136-g83a10e5 (webtiles) character file.

1519 theanonym the Chopper (level 8, -7/65 HPs)
             Began as a Mummy Chaos Knight on Feb 3, 2018.
             Killed from afar by an electric eel (14 damage)
             ... with a bolt of electricity
             ... in a bailey.
             The game lasted 00:14:16 (7438 turns).

theanonym the Chopper (Mummy Chaos Knight)          Turns: 7438, Time: 00:14:18

Health: -7/65      AC: 10    Str: 17    XL:     8   Next: 54%
Magic:  8/8        EV:  4    Int: 12    God:    Xom [*.....]
Gold:   278        SH:  7    Dex: 11    Spells: 7/7 levels left

rFire    . . .     SeeInvis +   a - +1 war axe
rCold    . . .     Gourm    .   j - +0 shield
rNeg     + + +     Faith    .   g - +0 chain mail {15}
rPois    ∞         Spirit   .   p - +0 helmet
rElec    .         Reflect  .   (no cloak)
rCorr    .         Harm     .   h - +0 pair of gloves
MR       +....                  (no boots)
Stlth    ..........             (no amulet)
HPRegen  0.20/turn              l - ring of fire {rF+ rC-}
MPRegen  0.11/turn              d - ring of see invisible {SInv}

@: very slightly contaminated
A: no food or potions, fire vulnerability, cold resistance 1, negative energy
resistance 3, torment resistance, unbreathing
a: Renounce Religion


Innate Abilities, Weirdness & Mutations

You do not eat or drink.
Your flesh is vulnerable to fire.
You are immune to poison.
Your flesh is cold resistant. (rC+)
You are immune to negative energy. (rN+++)
You are immune to unholy pain and torment.
You can survive without breathing.


   Skills:
 + Level 6.9 Fighting
 * Level 7.8 Axes
 - Level 1.5 Armour
 - Level 0.7 Dodging


You had 7 spell levels left.
You didn't know any spells.

Skill      XL: |  1  2  3  4  5  6  7  8 |
---------------+-------------------------+-----
Axes           | 3 4 5 6 7 |  7.8
Fighting       | 4 5 6 |  6.9
Armour         | |  1.5
Dodging        | |  0.7

Action                   |  1- 3 |  4- 6 |  7- 9 || total
-------------------------+-------+-------+-------++-------
Melee: Hand axe          |   111 |   113 |       ||   224
       War axe           |       |   100 |   190 ||   290
Evoke: Wand              |       |    12 |       ||    12
  Use: Scroll            |       |     6 |     9 ||    15
 Stab: Petrified         |       |     4 |     2 ||     6
       Confused          |       |     2 |     1 ||     3
       Petrifying        |       |     1 |       ||     1
       Distracted        |       |     1 |       ||     1
       Sleeping          |       |       |     1 ||     1
Armor: Leather armour    |    41 |     5 |       ||    46
       Scale mail        |       |    55 |       ||    55
       Chain mail        |       |    68 |    91 ||   159
Dodge: Dodged            |    70 |    77 |    32 ||   179
Block: Shield            |       |    32 |    66 ||    98

Inventory:

Hand Weapons
 a - a +1 war axe (weapon)
   (You found it on level 3 of the Dungeon)
 e - a +0 hand axe of chaos
Armour
 b - a +2 leather armour {4}
 g - a +0 chain mail (worn) {15}
   (You took it off an orc on level 3 of the Dungeon)
 h - a +0 pair of gloves (worn)
   (You found it on level 7 of the Dungeon)
 j - a +0 shield (worn)
   (You found it on level 3 of the Dungeon)
 m - a +0 scale mail {10}
   (You found it on level 2 of the Dungeon)
 p - a +0 helmet (worn)
   (You found it on level 6 of the Dungeon)
Jewellery
 c - an uncursed ring of resist corrosion {rCorr}
   (You found it on level 1 of the Dungeon)
 d - a ring of see invisible (right hand) {SInv}
   (You found it on level 1 of the Dungeon)
 l - a ring of fire (left hand) {rF+ rC-}
   (You found it on level 4 of the Dungeon)
Scrolls
 f - 3 scrolls of fog
 i - a scroll of vulnerability {unknown}
 k - 2 scrolls of amnesia
 n - 2 scrolls of remove curse
 o - 3 scrolls of enchant armour
 r - a scroll of identify
 t - a scroll of teleportation {!r}
 y - a scroll of magic mapping
 B - 3 scrolls of blinking You were in a bailey. You worshipped Xom. You were a special plaything of Xom. You were not hungry. You visited 2 branches of the dungeon, and saw 8 of its levels. You also visited: Bailey. You collected 368 gold pieces. You spent 90 gold pieces at shops.

Dungeon Overview and Level Annotations

Branches:
Dungeon (7/15)             Temple (1/1) D:4

Altars:
Ashenzari
Cheibriados
Dithmenos
Elyvilon
Kikubaaqudgha
Makhleb
Qazlal
Vehumet
Wu Jian
Xom
Yredelemnul
The Shining One

Shops:
D:5 *   D:6 :

Annotations:
D:3 Grinder

≈≈≈≈≈≈≈≈...≈≈≈≈≈≈≈≈≈≈
≈≈≈≈≈≈≈≈...≈≈≈≈≈≈≈≈≈≈
≈≈≈≈≈≈≈≈..§≈≈≈≈≈≈≈≈≈≈
≈≈≈≈≈≈;≈..§§§§≈≈≈≈≈≈≈
≈≈≈≈≈..§..§§§.≈≈≈≈≈≈≈
######...§§§§########
#......§# #.......#
#...@...# #.......#
###...### #.∩.# #####


You could see an electric eel.

Notes
Turn   | Place    | Note
-------+----------+-------------------------------------------
     0 | D:1      | theanonym the Mummy Chaos Knight began the quest for the Orb.
     0 | D:1      | Reached XP level 1. HP: 18/18 MP: 1/1
    70 | D:1      | XOM: divination: detect creatures
   227 | D:1      | XOM: divination: detect creatures
   338 | D:1      | Reached XP level 2. HP: 24/24 MP: 2/2
   505 | D:1      | Reached skill level 3 in Axes
   894 | D:1      | XOM: harmless Pois miscast
   992 | D:2      | XOM: smoke on damage
   998 | D:2      | HP: 12/24 [kobold/short sword (2)]
  1001 | D:2      | Reached XP level 3. HP: 14/29 MP: 3/3
  1421 | D:2      | XOM: god gift: 7 rations {god gift}
  1544 | D:2      | XOM is BORED!
  1544 | D:2      | XOM: noise
  1640 | D:2      | XOM: mild Fire miscast
  1654 | D:2      | Reached XP level 4. HP: 24/37 MP: 4/4
  1712 | D:2      | HP: 17/37 [orc/trident (9)]
  1720 | D:2      | HP: 10/37 [orc/trident (7)]
  2030 | D:2      | Found a white marble altar of Elyvilon.
  2038 | D:2      | XOM: medium Tmut miscast
  2210 | D:2      | Found a basalt altar of Yredelemnul.
  2291 | D:3      | XOM: confuse monster(s)
  2293 | D:3      | Noticed Grinder
  2302 | D:3      | Noticed Grinder
  2302 | D:3      | Grinder changed into Grinder the apocalypse crab
  2302 | D:3      | HP: 17/37 [Grinder the apocalypse crab (11)]
  2307 | D:3      | HP: 15/37 [adder (2)]
  2548 | D:3      | XOM: god gift: 19 gold pieces {god gift}
  2565 | D:3      | XOM: polymorph gnoll -> rat
  2576 | D:3      | Reached skill level 4 in Fighting
  2576 | D:3      | Reached skill level 4 in Axes
  2618 | D:3      | Reached XP level 5. HP: 29/42 MP: 5/5
  2828 | D:3      | XOM: cloud trail
  2830 | D:3      | XOM: harmless Air miscast
  2899 | D:3      | XOM: god gift: trident {god gift}
  2966 | D:3      | XOM: god gift: 7 gold pieces {god gift}
  3102 | D:3      | XOM: enchant monster (good)
  3119 | D:3      | XOM: mild Ice miscast
  3186 | D:2      | XOM: cloud trail
  3510 | D:4      | XOM: god gift: glowing dagger {god gift}
  3512 | D:4      | XOM: butterfly on damage
  3515 | D:4      | XOM: summons friendly iron imp
  3730 | D:4      | Reached XP level 6. HP: 44/49 MP: 6/6
  3789 | D:4      | Found an ornate altar of the Wu Jian Council.
  3840 | D:4      | HP: 22/49 [gnoll/spear of piercing (5)]
  3859 | D:4      | XOM: scenery: 1 doors open
  3892 | D:4      | HP: 19/49 [orc/hand axe (6)]
  3901 | D:4      | Noticed Menkaure
  3902 | D:4      | Reached skill level 5 in Axes
  3918 | D:4      | Found a staircase to the Ecumenical Temple.
  3923 | Temple   | Entered the Ecumenical Temple
  4127 | Temple   | XOM: divination: detect creatures
  4140 | D:4      | HP: 24/50 [Menkaure (4)]
  4264 | Temple   | XOM: 1-stop teleportation journey
  4379 | D:4      | XOM: summons friendly iron imp
  4380 | D:4      | XOM: harmless Fire miscast
  4382 | D:4      | HP: 9/50 [Menkaure (17)]
  4382 | D:4      | Killed Menkaure
  4382 | D:4      | Reached skill level 5 in Fighting
  4435 | Temple   | XOM: scenery: create altars
  4639 | D:4      | XOM: summons 6 friendly demons
  4818 | D:4      | XOM: god gift: 42 gold pieces {god gift}
  4890 | D:4      | Reached XP level 7. HP: 45/56 MP: 7/7
  5025 | D:4      | XOM: noise
  5037 | D:5      | Entered Level 5 of the Dungeon
  5152 | D:5      | XOM: harmless Summ miscast
  5156 | D:5      | Reached skill level 6 in Axes
  5192 | D:5      | XOM: mild Pois miscast
  5222 | D:5      | XOM: harmless Ice miscast
  5284 | D:5      | XOM: 4-stop teleportation journey
  5357 | D:5      | XOM: enchant monster (good)
  5406 | D:5      | Found Cach's General Store.
  5420 | D:5      | Bought a scroll of enchant armour for 90 gold pieces
  5539 | D:5      | XOM: blink monster(s)
  5781 | D:5      | XOM: scenery: 1 doors close
  5783 | D:5      | XOM: enchant monster (bad)
  5787 | D:5      | Reached skill level 6 in Fighting
  6072 | D:5      | XOM: swap monsters
  6075 | D:5      | XOM: chaos upgrade
  6082 | D:5      | Reached XP level 8. HP: 64/64 MP: 8/8
  6463 | D:6      | Found a radiant altar of Vehumet.
  6463 | D:6      | Found a stormy altar of Qazlal.
  6468 | D:6      | Found an ancient bone altar of Kikubaaqudgha.
  6470 | D:6      | Found a burning altar of Makhleb.
  6475 | D:6      | Reached skill level 7 in Axes
  6476 | D:6      | Found a shattered altar of Ashenzari.
  6606 | D:6      | XOM: 2-stop teleportation journey
  6677 | D:6      | XOM: smoke on damage
  6801 | D:6      | Noticed a deep elf mage
  6803 | D:6      | XOM: butterfly on damage
  7012 | D:6      | Found Vaunil's Book Boutique.
  7246 | D:7      | Found a flagged portal.
  7251 | D:7      | HP: 31/65 [ogre/giant spiked club (7)]
  7419 | Bailey   | Entered a bailey
  7433 | Bailey   | HP: 26/65 [electric eel/bolt of electricity (11)]
  7437 | Bailey   | HP: 7/65 [electric eel/bolt of electricity (7)]
  7438 | Bailey   | Killed from afar by an electric eel

Vanquished Creatures
  A boggart (D:4)
  4 ogres
  3 centaurs
  A scorpion (D:5)
  A water moccasin skeleton (D:6)
  A crimson imp (D:6)
  2 orc priests
  2 hounds (D:7)
  An iguana (D:6)
  4 orc wizards
  5 worker ants
  4 gnolls
  7 adders
  2 shadow imps
  2 oozes (D:5)
  An adder zombie (D:5)
  3 adder skeletons
  3 worms (D:2)
  2 dart slugs
  4 leopard geckos
  18 orcs
  A ball python (D:4)
  8 bats
  3 giant cockroaches
  6 goblins
  5 hobgoblins
  A hobgoblin (shapeshifter) (D:2)
  8 jackals (D:3)
  5 kobolds
  A quokka (D:2)
  3 frilled lizards
  A leopard gecko skeleton (D:6)
  10 rats
123 creatures vanquished.

Vanquished Creatures (collateral kills)
  Menkaure (D:4)
  An orc priest (D:4)
  2 gnolls (D:4)
  A worm (D:3)
  An orc (D:3)
  A hobgoblin (D:3)
  2 jackals (D:3)
  A ball python (D:3)
10 creatures vanquished.

Grand Total: 133 creatures vanquished

Table legend:
 A = Turns spent in this place as a percentage of turns spent in the entire game.
 B = Non-inter-level travel turns spent in this place as a percentage of non-inter-level travel turns spent in the entire game.
 C = Inter-level travel turns spent in this place as a percentage of turns spent in this place.
 D = Turns resting spent in this place as a percentage of non-inter-level travel turns spent in this place.
 E = Turns spent auto-exploring this place as a percentage of non-inter-level travel turns spent in this place.
 F = Non-inter-level travel turns spent in this place divided by the number of levels of this place that you've seen.
                   A       B       C       D       E      F
               +-------+-------+-------+-------+-------+----------------------
         Total | 100.0 | 100.0 |   4.7 |  37.6 |  46.6 | 787.6
       Dungeon |  90.7 |  90.4 |   5.0 |  31.4 |  51.4 | 915.6
        Temple |   9.0 |   9.3 |   1.5 |  99.1 |   0.0 | 660.0
        Bailey |   0.3 |   0.3 |   0.0 |   0.0 |  42.1 |  19.0
               +-------+-------+-------+-------+-------+----------------------
